TOP OF THE 1ST |
---|
Purdue Boilermakers batting - Pitching for Nebraska Cornhuskers : RHP Carl Edwards | Pitching: RHP Carl Edwards | | Batting: LHB Harry Hamilton | 0-0: Ball 1-0: Ball 2-0: Ground out U3 (Groundball, 3) | Batting: RHB Brian McCoy | 0-0: Foul Ball, location: 2F 0-1: Ball 1-1: Ground out 4-3 (Groundball, 4M) | Batting: SHB Bryan Atkins | 0-0: Foul Ball, location: 2F 0-1: Called Strike 0-2: Ball 1-2: Foul Ball, location: 2F 1-2: Strikes out swinging | Top of the 1st over - 0 runs, 0 hits, 0 errors, 0 left on base; Purdue 0 - Nebraska 0 | BOTTOM OF THE 1ST |
---|
Nebraska Cornhuskers batting - Pitching for Purdue Boilermakers : RHP Bill Washington | Pitching: RHP Bill Washington | | Batting: RHB Ronald Hodge | 0-0: Called Strike 0-1: Called Strike 0-2: Foul Ball, location: 2F 0-2: Hit by Pitch | Batting: RHB António Cruz | 0-0: Fly out, F5 (Line Drive, 5) | Batting: LHB Luis García | 0-0: Called Strike 0-1: Called Strike 0-2: Ball 1-2: Strikes out swinging | Batting: LHB Wes Britton | 0-0: Called Strike Ronald Hodge steals 2nd base 0-1: Foul Ball, location: 2F 0-2: Ball 1-2: Foul Ball, location: 2F 1-2: Ball 2-2: Foul Ball, location: 2F 2-2: Foul Ball, location: 2F 2-2: Foul Ball, location: 2F 2-2: Ball 3-2: Base on Balls | Batting: SHB David Stanley | 0-0: Ball 1-0: Called Strike 1-1: Foul Ball, location: 2F 1-2: Ball 2-2: Strikes out swinging | Bottom of the 1st over - 0 runs, 0 hits, 0 errors, 2 left on base; Purdue 0 - Nebraska 0 | TOP OF THE 2ND |
---|
Purdue Boilermakers batting - Pitching for Nebraska Cornhuskers : RHP Carl Edwards | Batting: RHB Rafael Castro | 0-0: Ball 1-0: Called Strike 1-1: SOLO HOME RUN (Flyball, 7D), Distance : 367 ft | Batting: RHB Mark Jackson | 0-0: Ball 1-0: Called Strike 1-1: Ball 2-1: Foul Ball, location: 2F 2-2: Foul Ball, location: 2F 2-2: Ball 3-2: Ground out 6-3 (Groundball, 6) | Batting: RHB Mark Jordan | 0-0: Ball 1-0: Ball 2-0: Foul Ball, location: 2F 2-1: SOLO HOME RUN (Flyball, 9D), Distance : 364 ft | Batting: RHB Aaron Baker | 0-0: Ball 1-0: Fly out, F3 (Popup, 34S) | Batting: RHB Lee Justice | 0-0: Ball 1-0: Ball 2-0: SINGLE (Groundball, 56S) (infield hit) | Batting: RHB Dan Osborne | 0-0: Called Strike 0-1: Called Strike 0-2: Strikes out swinging | Top of the 2nd over - 2 runs, 3 hits, 0 errors, 1 left on base; Purdue 2 - Nebraska 0 | BOTTOM OF THE 2ND |
---|
Nebraska Cornhuskers batting - Pitching for Purdue Boilermakers : RHP Bill Washington | Batting: RHB John Carr | 0-0: Ball 1-0: Ball 2-0: Called Strike 2-1: Foul Ball, location: 2F 2-2: Foul Ball, location: 2F 2-2: Ball 3-2: Base on Balls | Batting: LHB Edmund Bilbrey | 0-0: Ball 1-0: SINGLE (Groundball, 34S) (infield hit) John Carr to second | Batting: SHB Carl Rivers | 0-0: Ball 1-0: Ball 2-0: Foul Ball, location: 2F 2-1: Ball 3-1: Called Strike 3-2: Foul Ball, location: 2F 3-2: Foul Ball, location: 2F 3-2: Foul Ball, location: 2F 3-2: Base on Balls John Carr to third Edmund Bilbrey to second | Batting: SHB Conner Whitney | 0-0: Called Strike 0-1: Called Strike 0-2: Foul Ball, location: 2F 0-2: Foul Ball, location: 2F 0-2: Fly out, F8 (Flyball, 8LD) Runner from 3rd tags up, OUT at HOME Edmund Bilbrey to third Carl Rivers to second | Batting: RHB Ronald Hodge | 0-0: Ground out 6-3 (Groundball, 6) | Bottom of the 2nd over - 0 runs, 1 hit, 0 errors, 2 left on base; Purdue 2 - Nebraska 0 | TOP OF THE 3RD |
---|
Purdue Boilermakers batting - Pitching for Nebraska Cornhuskers : RHP Carl Edwards | Batting: LHB Harry Hamilton | 0-0: Ball 1-0: Foul Ball, location: 2F 1-1: Called Strike 1-2: Foul Ball, location: 2F 1-2: Fly out, F6 (Popup, 6) | Batting: RHB Brian McCoy | 0-0: Ball 1-0: Foul Ball, location: 2F 1-1: Foul Ball, location: 2F 1-2: Foul Ball, location: 2F 1-2: Ball 2-2: Ball 3-2: Strikes out looking | Batting: SHB Bryan Atkins | 0-0: Ball 1-0: Ground out U3 (Groundball, 3) | Top of the 3rd over - 0 runs, 0 hits, 0 errors, 0 left on base; Purdue 2 - Nebraska 0 | BOTTOM OF THE 3RD |
---|
Nebraska Cornhuskers batting - Pitching for Purdue Boilermakers : RHP Bill Washington | Batting: RHB António Cruz | 0-0: Ball 1-0: Called Strike 1-1: Ball 2-1: Foul Ball, location: 2F 2-2: Foul Ball, location: 2F 2-2: SINGLE (Flyball, 78M) | Batting: LHB Luis García | 0-0: Ball 1-0: Fielders Choice at 2nd, 1-6 (Groundball, 13) | Batting: LHB Wes Britton | 0-0: SINGLE (Groundball, 4MD) Luis García to second | Batting: SHB David Stanley | 0-0: Foul Ball, location: 2F 0-1: Ground out U3 (Groundball, 3S) Luis García to third Wes Britton to second | Batting: RHB John Carr | 0-0: Called Strike 0-1: Ball 1-1: Ball 2-1: Foul Ball, location: 2F 2-2: Reached on error, E4 (Groundball, 4) Luis García scores Wes Britton to third | Batting: LHB Edmund Bilbrey | 0-0: Ball 1-0: SINGLE (Groundball, 3D) Wes Britton scores John Carr to second Runner from 2nd tries for 3rd, OUT! | Bottom of the 3rd over - 2 runs, 3 hits, 1 error, 1 left on base; Purdue 2 - Nebraska 2 | TOP OF THE 4TH |
---|
Purdue Boilermakers batting - Pitching for Nebraska Cornhuskers : RHP Carl Edwards | Batting: RHB Rafael Castro | 0-0: Ball 1-0: Swinging Strike 1-1: Swinging Strike 1-2: Foul Ball, location: 2F 1-2: Strikes out swinging | Batting: RHB Mark Jackson | 0-0: Ball 1-0: Fly out, F7 (Flyball, 7) | Batting: RHB Mark Jordan | 0-0: Called Strike 0-1: Ball 1-1: Called Strike 1-2: Ball 2-2: Strikes out looking | Top of the 4th over - 0 runs, 0 hits, 0 errors, 0 left on base; Purdue 2 - Nebraska 2 | BOTTOM OF THE 4TH |
---|
Nebraska Cornhuskers batting - Pitching for Purdue Boilermakers : RHP Bill Washington | Batting: SHB Carl Rivers | 0-0: Ball 1-0: Ball 2-0: Foul Ball, location: 2F 2-1: Fly out, F7 (Flyball, 7LMF) | Batting: SHB Conner Whitney | 0-0: Called Strike 0-1: Ball 1-1: Ball 2-1: Foul Ball, location: 2F 2-2: Strikes out swinging | Batting: RHB Ronald Hodge | 0-0: Called Strike 0-1: Called Strike 0-2: Ball 1-2: Strikes out swinging | Bottom of the 4th over - 0 runs, 0 hits, 0 errors, 0 left on base; Purdue 2 - Nebraska 2 | TOP OF THE 5TH |
---|
Purdue Boilermakers batting - Pitching for Nebraska Cornhuskers : RHP Carl Edwards | Batting: RHB Aaron Baker | 0-0: Swinging Strike 0-1: Ball 1-1: Ball 2-1: Foul Ball, location: 2F 2-2: Strikes out swinging | Batting: RHB Lee Justice | 0-0: Called Strike 0-1: Ground out 6-3 (Groundball, 6MS) | Batting: RHB Dan Osborne | 0-0: Ball 1-0: Foul Ball, location: 2F 1-1: Fly out, F3 (Popup, 3S) | Top of the 5th over - 0 runs, 0 hits, 0 errors, 0 left on base; Purdue 2 - Nebraska 2 | BOTTOM OF THE 5TH |
---|
Nebraska Cornhuskers batting - Pitching for Purdue Boilermakers : RHP Bill Washington | Batting: RHB António Cruz | 0-0: Ground out 4-3 (Groundball, 4) | Pitching: RHP Ken Jones | | Batting: LHB Luis García | 0-0: SOLO HOME RUN (Flyball, 9LD), Distance : 329 ft | Batting: LHB Wes Britton | 0-0: SINGLE (Line Drive, 78S) | Batting: SHB David Stanley | 0-0: Fly out, F9 (Flyball, 9LS) | Batting: RHB John Carr | 0-0: Called Strike 0-1: Ball 1-1: Ball 2-1: Called Strike 2-2: Foul Ball, location: 2F 2-2: Foul Ball, location: 2F 2-2: Fly out, F8 (Flyball, 8LM) | Bottom of the 5th over - 1 run, 2 hits, 0 errors, 1 left on base; Purdue 2 - Nebraska 3 | TOP OF THE 6TH |
---|
Purdue Boilermakers batting - Pitching for Nebraska Cornhuskers : RHP Carl Edwards | Batting: LHB Harry Hamilton | 0-0: Ball 1-0: Called Strike 1-1: Ground out 5-3 (Groundball, 56) | Batting: RHB Brian McCoy | 0-0: Ball 1-0: Called Strike 1-1: Foul Ball, location: 2F 1-2: Fly out, F8 (Flyball, 89S) | Batting: SHB Bryan Atkins | 0-0: Ball 1-0: Ball 2-0: Ball 3-0: Base on Balls | Pitching: RHP Terry King | | Batting: RHB Rafael Castro | 0-0: Ball 1-0: Ball 2-0: Called Strike 2-1: Swinging Strike 2-2: Ground out 1-3 (Groundball, 13S) | Top of the 6th over - 0 runs, 0 hits, 0 errors, 1 left on base; Purdue 2 - Nebraska 3 | BOTTOM OF THE 6TH |
---|
Nebraska Cornhuskers batting - Pitching for Purdue Boilermakers : RHP Ken Jones | Batting: LHB Edmund Bilbrey | 0-0: Ball 1-0: Called Strike 1-1: Ball 2-1: Foul Ball, location: 2F 2-2: Ball 3-2: Foul Ball, location: 2F 3-2: Strikes out looking | Batting: SHB Carl Rivers | 0-0: Called Strike 0-1: Fly out, F8 (Flyball, 8LD) | Batting: SHB Conner Whitney | 0-0: Ball | |
---|
| | 1-0: Called Strike 1-1: Ball 2-1: Called Strike 2-2: Ball 3-2: Base on Balls | Batting: RHB Ronald Hodge | 0-0: Called Strike 0-1: Ball 1-1: Ball 2-1: Ball 3-1: Foul Ball, location: 2F 3-2: Base on Balls Conner Whitney to second | Batting: RHB António Cruz | 0-0: Called Strike 0-1: Foul Ball, location: 2F 0-2: Ball 1-2: Strikes out swinging | Bottom of the 6th over - 0 runs, 0 hits, 0 errors, 2 left on base; Purdue 2 - Nebraska 3 | TOP OF THE 7TH |
---|
Purdue Boilermakers batting - Pitching for Nebraska Cornhuskers : RHP Terry King | Batting: RHB Mark Jackson | 0-0: Ball 1-0: Called Strike 1-1: Swinging Strike 1-2: Strikes out looking | Batting: RHB Mark Jordan | 0-0: Called Strike 0-1: Ball 1-1: Ball 2-1: Fly out, F7 (Line Drive, 7D) | Batting: RHB Aaron Baker | 0-0: Ball 1-0: Called Strike 1-1: Called Strike 1-2: Strikes out swinging | Top of the 7th over - 0 runs, 0 hits, 0 errors, 0 left on base; Purdue 2 - Nebraska 3 | BOTTOM OF THE 7TH |
---|
Nebraska Cornhuskers batting - Pitching for Purdue Boilermakers : RHP Ken Jones | Batting: LHB Luis García | 0-0: Called Strike 0-1: Ball 1-1: Foul Ball, location: 2F 1-2: Ball 2-2: Strikes out looking | Batting: LHB Wes Britton | 0-0: Foul Ball, location: 2F 0-1: Swinging Strike 0-2: Ball 1-2: Fly out, F7 (Line Drive, 7D) | Batting: SHB David Stanley | 0-0: Ball 1-0: Ball 2-0: Foul Ball, location: 2F 2-1: Ball 3-1: SOLO HOME RUN (Flyball, 9LD), Distance : 327 ft | Pitching: RHP Todd Jackson | | Batting: RHB John Carr | 0-0: SINGLE (Line Drive, 7S) | Batting: LHB Edmund Bilbrey | 0-0: Foul Ball, location: 2F 0-1: Ball 1-1: Ball 2-1: Swinging Strike 2-2: Ball 3-2: Foul Ball, location: 2F 3-2: Fly out, F9 (Line Drive, 89M) | Bottom of the 7th over - 1 run, 2 hits, 0 errors, 1 left on base; Purdue 2 - Nebraska 4 | TOP OF THE 8TH |
---|
Purdue Boilermakers batting - Pitching for Nebraska Cornhuskers : RHP Terry King | Batting: RHB Lee Justice | 0-0: Called Strike 0-1: Foul Ball, location: 2F 0-2: Foul Ball, location: 2F 0-2: Ball 1-2: Ball 2-2: Ball 3-2: Ground out 1-3 (Groundball, P) | Batting: RHB Dan Osborne | 0-0: Called Strike 0-1: Called Strike 0-2: Fly out, F7 (Flyball, 7S) | Batting: LHB Harry Hamilton | 0-0: Ball 1-0: Called Strike 1-1: Ball 2-1: Foul Ball, location: 2F 2-2: Strikes out swinging | Top of the 8th over - 0 runs, 0 hits, 0 errors, 0 left on base; Purdue 2 - Nebraska 4 | BOTTOM OF THE 8TH |
---|
Nebraska Cornhuskers batting - Pitching for Purdue Boilermakers : RHP Todd Jackson | Batting: SHB Carl Rivers | 0-0: Called Strike 0-1: Foul Ball, location: 2F 0-2: Ball 1-2: Strikes out swinging | Batting: SHB Conner Whitney | 0-0: Ball 1-0: Foul Ball, location: 2F 1-1: SINGLE (Groundball, 4MD) | Batting: RHB Ronald Hodge | 0-0: SINGLE (Flyball, 8RS) Conner Whitney to second | Batting: RHB António Cruz | 0-0: Foul Ball, location: 2F 0-1: Ball 1-1: Ball 2-1: Foul Ball, location: 2F 2-2: SINGLE (Groundball, 34D) Conner Whitney to third Ronald Hodge to second | Batting: LHB Luis García | 0-0: Ball 1-0: Foul Ball, location: 2F 1-1: SINGLE (Line Drive, 9S) Conner Whitney scores Ronald Hodge to third António Cruz to second | Batting: LHB Wes Britton | 0-0: SINGLE (Line Drive, 9S) Ronald Hodge scores António Cruz to third Luis García to second | Pitching: LHP Neil White | | Batting: SHB David Stanley | 0-0: Ball 1-0: Ball 2-0: Ball 3-0: Base on Balls António Cruz scores Luis García to third Wes Britton to second | Batting: RHB John Carr | 0-0: Foul Ball, location: 2F 0-1: Ball 1-1: Ball 2-1: Foul Ball, location: 2F 2-2: Ball 3-2: Grounds into fielders choice 5-2 (Groundball, 5) Wes Britton to third David Stanley to second | Batting: LHB Edmund Bilbrey | 0-0: Called Strike 0-1: Called Strike 0-2: Fly out, F7 (Flyball, 78D) | Bottom of the 8th over - 3 runs, 5 hits, 0 errors, 3 left on base; Purdue 2 - Nebraska 7 | TOP OF THE 9TH |
---|
Purdue Boilermakers batting - Pitching for Nebraska Cornhuskers : RHP Terry King | Now at C: Scott Perkins | | Now in RF: Guy Bullard | | Batting: RHB Brian McCoy | 0-0: Swinging Strike 0-1: Ball 1-1: Ball 2-1: Called Strike 2-2: Foul Ball, location: 2F 2-2: Ball 3-2: Foul Ball, location: 2F 3-2: Strikes out swinging | Batting: SHB Bryan Atkins | 0-0: Ball 1-0: Called Strike 1-1: Ball 2-1: Swinging Strike 2-2: Ball 3-2: Foul Ball, location: 2F 3-2: Foul Ball, location: 2F 3-2: Foul Ball, location: 2F 3-2: Strikes out swinging | Pitching: RHP Júlio Ramos | | Batting: RHB Rafael Castro | 0-0: Ball 1-0: Fly out, F9 (Flyball, 9LS) | Top of the 9th over - 0 runs, 0 hits, 0 errors, 0 left on base; Purdue 2 - Nebraska 7 | | Saturday, December 16th, 2017 - OOTP Baseball 18.8 Build 76 | |